 Dungeon Crawl Stone Soup version 0.31.0-32-g396128a36d (webtiles) character file.

Game seed: 14614881473903546756

2242 lonewolfV2 the Cleaver (level 9, -1/76 HPs)
             Began as a Formicid Fighter on Mar 11, 2024.
             Slain by an acid dragon (3 damage)
             ... on level 8 of the Dungeon.
             The game lasted 00:12:44 (7824 turns).

lonewolfV2 the Cleaver (Formicid Fighter)           Turns: 7824, Time: 00:12:46

Health: -1/76      AC:  4    Str: 26    XL:     9   Next: 63%
Magic:  9/9        EV: 11    Int:  7    God:
Gold:   320        SH:  9    Dex: 13    Spells: 8/8 levels left

rFire   . . .        s - +3 battleaxe
rCold   . . .        y - +0 kite shield
rNeg    . . .        z - +0 plate armour
rPois   .            (helmet unavailable)
rElec   .            (no cloak)
rCorr   +            (no gloves)
SInv    +            (no boots)
Will    .....        (no amulet) Stlth
                     f - +5 ring of evasion
HPRegen 0.32/turn    w - ring of resist corrosion
MPRegen 0.11/turn

%: no passive effects
@: mighty, lethally poisoned (-1 -> -12), corroded, studying Ranged Weapons
A: permanent stasis, dig shafts and tunnels, antennae 3, four strong arms
a: Dig, Shaft Self


You were on level 8 of the Dungeon.
You visited 2 branches of the dungeon, and saw 9 of its levels.

You collected 385 gold pieces.
You spent 65 gold pieces at shops.

Inventory:

Hand Weapons
 a - a +0 vampiric war axe
 s - a +3 battleaxe (weapon)
Armour
 c - a +1 buckler
 y - a +0 kite shield (worn)
 z - a +0 plate armour (worn)
Jewellery
 f - a +5 ring of evasion (left hand)
 i - a ring of wizardry
 w - a ring of resist corrosion (right hand)
 x - a ring of magical power
Scrolls
 b - a scroll of fear
 g - 3 scrolls of teleportation
 m - 2 scrolls of torment
 n - 4 scrolls of enchant armour
 t - a scroll of amnesia
 v - a scroll of fog
Potions
 h - 2 potions of attraction
 k - a potion of lignification
 l - a potion of haste {unknown}
 o - a potion of magic
 p - a potion of ambrosia {unknown}
 q - 3 potions of mutation
 r - 3 potions of berserk rage


   Skills:
 - Level 9.0 Fighting
 + Level 9.1 Axes
 * Level 5.0 Armour
 - Level 4.0 Shields


You had 8 spell levels left.
You didn't know any spells.
Your spell library contained the following spells:

 Spells                   Type           Power      Damage    Failure   Level
 Apportation              Tloc           0%         N/A       100%        1
 Freeze                   Ice            0%         1d3       100%        1
 Kiss of Death            Conj/Necr      0%         2d5       100%        1
 Magic Dart               Conj           0%         1d3       100%        1
 Necrotise                Necr           0%         1d4       100%        1
 Sting                    Conj/Alch      0%         1d3       100%        1
 Summon Small Mammal      Summ           0%         N/A       100%        1
 Searing Ray              Conj           0%         2d4       100%        2
 Confusing Touch          Hex            0%         N/A       100%        3
 Frozen Ramparts          Ice            0%         1d1       100%        3
 Hailstorm                Conj/Ice       0%         3d5       100%        3
 Dispel Undead            Necr           0%         3d6       100%        4
 Fulminant Prism          Conj/Alch      0%         3d5       100%        4


Dungeon Overview and Level Annotations

Branches:
Dungeon (8/15)             Temple (1/1) D:4
   Lair: D:8-11

Altars:
Ashenzari
Cheibriados
Dithmenos
Elyvilon
Gozag
Hepliaklqana
Kikubaaqudgha
Makhleb
Nemelex Xobeh
Ru
Sif Muna
Uskayaw
Vehumet
Wu Jian
Xom
Yredelemnul
Zin
The Shining One

Shops:
D:4 (*=!?   D:6 ?


Innate Abilities, Weirdness & Mutations

You cannot be hasted, slowed, berserked, paralysed or teleported.
You can dig through walls and to a lower floor.
You have a pair of large antennae on your head. (SInv)
Your four strong arms can wield two-handed weapons with a shield.


Message History

You closely miss the water moccasin.
The water moccasin is moderately wounded.
You hit the bullfrog but do no damage.
You hit the acid dragon but do no damage.
The bullfrog closely misses you. The water moccasin barely misses you.
The bullfrog hits you. The acid dragon closely misses you.
The acid dragon claws you.
* * * LOW HITPOINT WARNING * * *
The bullfrog hits you.
* * * LOW HITPOINT WARNING * * *
The water moccasin barely misses you.
You feel much better. The bullfrog hits you.
You block the water moccasin's attack. The acid dragon bites you!
You block the acid dragon's attack.
You feel very mighty all of a sudden. The bullfrog hits you.
You block the water moccasin's attack. You block the acid dragon's attack.
The acid dragon barely misses you. You block the bullfrog's attack.
Unknown command.
You completely miss the water moccasin.
The water moccasin is moderately wounded.
You slash the acid dragon! You slash the bullfrog!
The water moccasin barely misses you. The bullfrog closely misses you.
The acid dragon spits acid at you. The splash of acid hits you! You resist.
* * * LOW HITPOINT WARNING * * *
The water moccasin bites you.
* * * LOW HITPOINT WARNING * * *
You are lethally poisoned!
The water moccasin poisons you! You block the bullfrog's attack.
You barely miss the water moccasin.
The water moccasin is moderately wounded.
You slice the bullfrog!!
You kill the bullfrog!
You completely miss the acid dragon.
* * * LOW HITPOINT WARNING * * *
You feel very sick.
The water moccasin bites you but does no damage.
You block the acid dragon's attack. The acid dragon claws you.
You die...

##.).......#.. #.#
##...........## ......#
..............###......#
#####..#........#......#
##..#.................
#..##..)..............
###.###.................
#...###.........#.......
...#.....>.>....@S......
.....###........#D.....#
....###.....(....#..####
...## #..........#..#
...# #..........# ##
...# #..........# ...#
#...?........ ...#
#....(.......# ...#
..#..........#


You could see a water moccasin and an acid dragon (catching breath).

Vanquished Creatures
  Menkaure (D:7)
  3 black bears
  4 centaurs (D:7)
  A kobold brigand (D:6)
  A bullfrog (D:8)
  A gnoll sergeant (D:7)
  3 scorpions
  4 wights (D:8)
  A howler monkey (D:5)
  2 bombardier beetles
  3 hounds
  4 jellies
  6 orc priests
  2 sleepcaps
  4 iguanas
  3 orc wizards
  3 gnolls (D:7)
  8 adders
  A shadow imp (D:5)
  2 white imps
  6 ufetubi
  2 ribbon worms
  4 dart slugs
  27 orcs
  7 endoplasms
  6 giant cockroaches
  9 goblins
  10 hobgoblins
  3 jackals (D:1)
  7 quokkas
  6 ball pythons
  3 bats
  4 frilled lizards
  12 kobolds
  5 rats
168 creatures vanquished.

Notes
Turn   | Place    | Note
-------+----------+-------------------------------------------
     0 | D:1      | lonewolfV2 the Formicid Fighter began the quest for the
                  | Orb.
     0 | D:1      | Reached XP level 1. HP: 18/18 MP: 1/1
   141 | D:1      | Reached XP level 2. HP: 24/24 MP: 2/2
   292 | D:1      | Reached XP level 3. HP: 29/30 MP: 3/3
  1328 | D:2      | Reached XP level 4. HP: 31/37 MP: 4/4
  1801 | D:3      | Reached XP level 5. HP: 38/42 MP: 5/5
  2404 | D:3      | Found an opulent altar of Gozag.
  2640 | D:3      | Reached XP level 6. HP: 15/49 MP: 6/6
  3107 | D:4      | Found a staircase to the Ecumenical Temple.
  3124 | Temple   | Entered the Ecumenical Temple
  3188 | D:4      | Found Aschusol's Distillery.
  3194 | D:4      | Found Mienudgh's Magic Scroll Shop.
  3357 | D:4      | Reached skill level 5 in Axes
  3462 | D:4      | Reached skill level 5 in Fighting
  3648 | D:4      | Found Waot's Jewellery Emporium.
  3766 | D:4      | Reached XP level 7. HP: 50/56 MP: 7/7
  3788 | D:4      | Found Vepate's Weapon Emporium.
  3796 | D:4      | Bought a +0 battleaxe for 65 gold pieces
  3898 | D:4      | Found Tipp's General Store.
  4291 | D:5      | Entered Level 5 of the Dungeon
  4350 | D:5      | Found a hide-covered altar of Uskayaw.
  4351 | D:5      | Found a glowing silver altar of Zin.
  4681 | D:5      | Found a white marble altar of Elyvilon.
  4856 | D:5      | Reached XP level 8. HP: 65/65 MP: 8/8
  5147 | D:6      | Found an ornate altar of the Wu Jian Council.
  5508 | D:6      | Found a sparkling altar of Nemelex Xobeh.
  5802 | D:6      | Found Iplael's Magic Scroll Shop.
  5952 | D:6      | Found a broken altar of Ashenzari.
  6033 | D:6      | Identified the +6 flail of Certain Death {venom, *Corrode
                  | rElec rC+ SInv}
  6165 | D:7      | Reached XP level 9. HP: 74/74 MP: 9/9
  6201 | D:7      | Found a hazy altar of Hepliaklqana.
  6205 | D:7      | Found a shadowy altar of Dithmenos.
  6804 | D:7      | Found a glowing golden altar of the Shining One.
  6932 | D:7      | Found a burning altar of Makhleb.
  7027 | D:7      | Found a shimmering altar of Xom.
  7042 | D:7      | Noticed Menkaure
  7049 | D:7      | Killed Menkaure
  7706 | D:8      | Reached skill level 5 in Armour
  7824 | D:8      | HP: 2/76 [poisoned by a water moccasin]
  7824 | D:8      | Slain by an acid dragon

Illustrated notes

Levels and vault maps discovered:
D:1:      kilobyte_arrival_exit_the_forest, layout_loops_ring,
          minmay_splitting_lines, chequers_serial_rivers_micro_a,
          hangedman_abyss_or_decor_stabs, kennysheep_flooded_box
D:2:      layout_basic, minmay_pentomino_u4
D:3:      layout_loops_ring, grunt_gozag_breadcrumbs,
          chequers_serial_rivers_micro_a, minmay_misc_feat_tower,
          minmay_box_of_dots
D:4:      layout_loops_cross, temple_hall, serial_shops, shop,
          nicolae_shop_trees, shop, shop,
          nicolae_shop_temple_entry_statues_fountains
D:5:      layout_rooms, nicolae_overflow_squiral, amcnicky_altar_gilded
D:6:      layout_basic, nicolae_wu_jian_wuxing_cycle, nemelex_altar_shiori,
          lemuel_round_altar, serial_shops, shop
D:7:      layout_loops_ring, riverfiend_overflow_shadow_ancestor,
          mainiacjoe_overflow_six_doors_small,
          mainiacjoe_overflow_catch_the_wave, minmay_manual_mares, uniq_menkaure
D:8:      layout_rooms, minmay_misc_feat_ornament
Temple:   hellmonk_temple_flake

Skill      XL: |  1  2  3  4  5  6  7  8  9 |
---------------+----------------------------+-----
Axes           | 3 4 5 6 8 9 |  9.1
Fighting       | 4 5 6 8 9 |  9.0
Armour         | 5 |  5.0
Shields        | |  4.0

Action                     |  1- 3 |  4- 6 |  7- 9 || total
---------------------------+-------+-------+-------++-------
  Melee: War axe           |    98 |   126 |   201 ||   425
         Battleaxe         |       |       |    67 ||    67
Ability: Dig               |       |       |     3 ||     3
    Use: Scroll            |     4 |     6 |    12 ||    22
         Potion            |       |     1 |     3 ||     4
 Armour: Scale mail        |    76 |    51 |    58 ||   185
         Chain mail        |       |       |   112 ||   112
         Skin              |       |       |     3 ||     3
         Plate armour      |       |       |    45 ||    45
  Dodge: Dodged            |    66 |    70 |   252 ||   388
  Block: Buckler           |    32 |    32 |    93 ||   157
         Kite shield       |       |       |    44 ||    44
